 Dungeon Crawl Stone Soup version 0.27.1-1-g398f81649c (webtiles) character file.

Game seed: 15794051692247064889

30 pokedragonboy the Covered (level 2, -5/26 HPs)
             Began as a Demigod Fighter on Sept 16, 2021.
             Slain by an iguana (9 damage)
             ... on level 2 of the Dungeon.
             The game lasted 00:01:19 (1080 turns).

pokedragonboy the Covered (Demigod Fighter)         Turns: 1080, Time: 00:01:19

Health: -5/26      AC:  9    Str: 17    XL:     2   Next: 84%
Magic:  4/4        EV:  4    Int: 10    God:
Gold:   49         SH:  8    Dex: 13    Spells: 1/1 levels left

rFire    . . .     SeeInvis .   a - +1 war axe
rCold    . . .     Faith    .   c - +0 kite shield
rNeg     . . .     Spirit   .   g - +0 chain mail
rPois    .         Reflect  .   (no helmet)
rElec    .         Harm     .   (no cloak)
rCorr    .         Rampage  .   (no gloves)
Will     .....                  (no boots)
Stlth    ..........             (no amulet)
HPRegen  0.08/turn              (no ring)
MPRegen  0.09/turn              (no ring)

@: no status effects
A: high mp 1, forlorn
a: no special abilities


You were on level 2 of the Dungeon.
You visited 1 branch of the dungeon, and saw 2 of its levels.

You collected 49 gold pieces.

Inventory:

Hand Weapons
 a - a +1 war axe (weapon)
Armour
 c - a +0 kite shield (worn)
 g - a +0 chain mail (worn)
Scrolls
 b - a scroll of fog {unknown}
 e - a scroll of enchant weapon
 h - a scroll of summoning {unknown}
Potions
 d - a potion of might
 f - a potion of haste {unknown}


   Skills:
 + Level 3.0 Fighting
 * Level 2.6 Axes
 + Level 3.0 Armour
 - Level 2.6 Shields


You had one spell level left.
You didn't know any spells.
Your spell library was empty.

Dungeon Overview and Level Annotations

Branches:
Dungeon (2/15)


Innate Abilities, Weirdness & Mutations

Your attributes grow dramatically as you level up.
You have an increased reservoir of magic. (+10% MP)
You shall have no god before yourself.


Message History

The iguana is moderately wounded.
The iguana bites you. x2
You hit the iguana.
The iguana is heavily wounded.
The iguana bites you but does no damage.
The iguana bites you!
You are too injured to fight recklessly!
You are too injured to fight recklessly!
You are too injured to fight recklessly!
You are too injured to fight recklessly!
You are too injured to fight recklessly!
You are too injured to fight recklessly!
You are too injured to fight recklessly!
You barely miss the iguana.
The iguana is heavily wounded.
The iguana bites you.
* * * LOW HITPOINT WARNING * * *
You closely miss the iguana.
The iguana is heavily wounded.
The iguana bites you but does no damage.
The iguana bites you.
* * * LOW HITPOINT WARNING * * *
Okay, then.
You hit the iguana.
The iguana is almost dead.
The iguana bites you but does no damage. x2
You hit the iguana but do no damage.
The iguana is almost dead.
The iguana barely misses you.
You closely miss the iguana.
The iguana is almost dead.
The iguana barely misses you.
The iguana bites you but does no damage.
Your chain mail prevents you from hitting the iguana.
The iguana is almost dead.
The iguana bites you but does no damage.
Your shield prevents you from hitting the iguana.
The iguana is almost dead.
The iguana bites you!
You die...

#...
##..#
....##
#....
#...#
#...#
#†l†# #@#
#.# #.#
#.#
######.##
#.......#
#.###...#
#.##..#.#
#.##....#


You could see an iguana.

Vanquished Creatures
  A dart slug (D:1)
  2 endoplasms (D:1)
  2 giant cockroaches (D:1)
  3 goblins
  4 jackals (D:2)
  7 ball pythons (D:1)
  A bat (D:1)
  2 frilled lizards (D:1)
  A kobold (D:1)
  2 rats (D:1)
25 creatures vanquished.

Notes
Turn   | Place    | Note
-------+----------+-------------------------------------------
     0 | D:1      | pokedragonboy the Demigod Fighter began the quest for the
                  | Orb.
     0 | D:1      | Reached XP level 1. HP: 18/18 MP: 3/3
   459 | D:1      | Reached XP level 2. HP: 25/25 MP: 4/4
  1080 | D:2      | Slain by an iguana

Illustrated notes

Levels and vault maps discovered:
D:1:      lightli_arrival_maybe_door_vault, layout_loops_ring,
          ebering_ecumenical_altar_webs, serial_bayou_pond_e
D:2:      layout_loops_cross, basic_altar, uniq_crazy_yiuf_cottage

Skill      XL: |  1  2 |
---------------+-------+-----
Axes           | 2 |  2.6
Armour         | 3 |  3.0
Fighting       | 3 |  3.0
Shields        | |  2.6

Action                   || total
-------------------------++-------
Melee: War axe           ||    68
  Use: Scroll            ||     1
Armor: Scale mail        ||    13
       Chain mail        ||    41
Dodge: Dodged            ||    17
Block: Kite shield       ||    39
